 Dungeon Crawl Stone Soup version 0.31-a0-1178-gc5c9b8f871 (webtiles) character file.

Game seed: 16503409284311098617

1179 kae the Sneak (level 8, -5/53 (58) HPs)
             Began as a Demonspawn Enchanter on Dec 8, 2023.
             Slain by a wight
             ... wielding a +0 great sword of electrocution
              (12 damage)
             ... on level 4 of the Dungeon on Dec 11, 2023.
             The game lasted 00:09:01 (5008 turns).

kae the Sneak (Demonspawn Enchanter)                Turns: 5008, Time: 00:09:02

HP:   -5/53 (58)    AC:  7    Str:  8    XL:     8   Next: 18%
MP:   4/13          EV: 12    Int: 19    God:
Gold: 182           SH:  6    Dex: 21    Spells: 3/14 levels left

rFire   . . .        a - +1 dagger
rCold   . . .        (no shield)
rNeg    . . .        l - +0 steam dragon scales
rPois   .            (helmet unavailable)
rElec   .            o - +0 cloak
rCorr   +            g - +0 pair of gloves
SInv    +            (no boots)
Will    +....        (no amulet)
Stlth   +++          D - +6 ring of dexterity
HPRegen 0.28/turn    R - ring of resist corrosion
MPRegen 0.13/turn

%: no passive effects
@: confusing by touch, enlightened, flying (expiring), drained
A: antennae 3, large bone plates 2, clever 1
a: no special abilities


You were on level 4 of the Dungeon.
You visited 1 branch of the dungeon, and saw 6 of its levels.

You collected 182 gold pieces.


Innate Abilities, Weirdness & Mutations

You have a pair of large antennae on your head. (SInv)
You are mostly covered in large bone plates. (SH +6)
Your mind is acute. (Int +4, Str/Dex -1)


   Skills:
 + Level 3.4 Fighting
 * Level 4.5 Short Blades
 - Level 1.7 Dodging
 * Level 5.8 Stealth
 + Level 3.9 Spellcasting
 + Level 4.7 Hexes


You had 3 spell levels left.
You knew the following spells:

 Your Spells              Type           Power      Damage    Failure   Level
a - Ensorcelled Hibernat  Hex/Ice        24%        N/A       8%          2
b - Confusing Touch       Hex            21%        N/A       6%          3
c - Tukima's Dance        Hex            21%        N/A       6%          3
d - Dazzling Flash        Conj/Hex       24%        N/A       16%         3

Your spell library contained the following spells:

 Spells                   Type           Power      Damage    Failure   Level
 Kiss of Death            Conj/Necr      12%        2d6       14%         1
 Magic Dart               Conj           12%        1d3       14%         1
 Inner Flame              Hex/Fire       12%        N/A       16%         3
 Call Imp                 Summ           6%         N/A       22%         2
 Static Discharge         Conj/Air       6%         3-4/arc   22%         2
 Mephitic Cloud           Conj/Pois/Air  3%         N/A       38%         3
 Airstrike                Air            1%         2d(1-17)  80%         4
 Dispel Undead            Necr           3%         3d7       80%         4
 Flame Wave               Conj/Fire      3%         2d5       80%         4
 Passage of Golubria      Tloc           3%         N/A       80%         4
 Sticky Flame             Conj/Fire      3%         2d3       80%         4
 Summon Lightning Spire   Summ/Air       3%         N/A       80%         4
 Yara's Violent Unravell  Hex/Tmut       6%         3d5       82%         5

Inventory:

Hand Weapons
 a - a +1 dagger (weapon)
Missiles
 c - 4 atropa-tipped darts
 f - 56 stones
 q - a boomerang
 r - 6 poisoned darts
Armour
 g - a +0 pair of gloves (worn)
   (You found it on level 2 of the Dungeon)
 l - +0 steam dragon scales (worn)
   (You found it on level 6 of the Dungeon)
 o - a +0 cloak (worn)
   (You found it on level 3 of the Dungeon)
Magical Staves
 d - a staff of earth {!a}
   (You found it on level 1 of the Dungeon)
Jewellery
 v - a ring of see invisible
   (You found it on level 6 of the Dungeon)
 C - a ring of ice
   (You found it on level 5 of the Dungeon)
 D - a +6 ring of dexterity (left hand)
   (You found it on level 1 of the Dungeon)
 R - a ring of resist corrosion (right hand)
   (You found it on level 3 of the Dungeon)
Scrolls
 h - a scroll of immolation {!r!r}
 m - a scroll of noise {!r}
 u - 2 scrolls of fog
Potions
 e - 2 potions of degeneration {!q}
 i - a potion of mutation {!q}

Dungeon Overview and Level Annotations

Branches:
Dungeon (6/15) Zot: 26192
 Temple: D:4-7

Altars:
Wu Jian

Annotations:
D:2 Natasha, Terence
D:3 Grinder

#.#....#..........#.........
#.#....#.#..#####.#.......##
#.#.##.#.#..# #.#.....###
#.#.##.###..# #....####
#.#.##.# #..# ###...##
#.#.##.# #..###...#.#
#.#.##.# #..........#
###.#.##.# #.####.#.###
#...#.##.# #.@zz[.....#
#.###.##.# ####.###.#.# #.#
#.##.# #.# #...##### #.#
#.##.# #.# #.......# #.#
#.##.# #.# #.......# #.#
#.##.# #.# #.#.....#### #.#
#.##.# #.# #.#......... #.#
#.##.######.###.#.##......
#.#
#.##.#..........#.##......


You could see 2 wights.


Message History

Casting: Ensorcelled Hibernation (safe; 8% risk of failure)
Confirm with . or Enter, or press ? or * to list all spells.
Your hands begin to glow red.
The ufetubus hits you but does no damage.
The ufetubus closely misses you. The wight hits you but does no damage.
The ufetubus misses you.
The ufetubus hits you but does no damage.
The ufetubus barely misses you.
The ufetubus hits you but does no damage.
The wight hits you but does no damage. 😨 MP[-3]
You lost 3 mp, and now have 3/13 mp.
Unknown command.
You closely miss the ufetubus. You block the ufetubus's attack.
The ufetubus barely misses you. The wight closely misses you.
The ufetubus hits you but does no damage.
The ufetubus barely misses you. 😨 HP[+1]
You miss the ufetubus. The wight barely misses you. The ufetubus misses you.
The ufetubus hits you but does no damage.
You hit the ufetubus but do no damage. The ufetubus closely misses you.
The ufetubus hits you but does no damage.
The wight misses you.
You barely miss the ufetubus. The ufetubus barely misses you.
You block the ufetubus's attack. The wight completely misses you.
Unknown command.
You hit the ufetubus but do no damage.
The ufetubus appears confused.
The ufetubus hits you but does no damage.
The ufetubus closely misses you. 😮 HP[+1] MP[+1]
You hit the ufetubus. The ufetubus closely misses you.
You block the ufetubus's attack.
The ufetubus barely misses itself.
The ufetubus hits itself.
The wight hits you with a +0 flail!
* * * LOW HITPOINT WARNING * * *
😨 HP[-10]
You take 10 damage, and now have 18/55 hp.
You hit the ufetubus.
You kill the ufetubus!
The wight hits you but does no damage. The wight is attracted toward you. x2
Items here: $ )) [[.
Unknown command.
The wight attacks as it pursues you! The wight hits you with a +0 flail.
* * * LOW HITPOINT WARNING * * *
You feel drained.
* * * LOW HITPOINT WARNING * * *
The wight is attracted toward you. x2 😱 HP[-6]
You now have 54 max hp (-1).
You take 6 damage, and now have 12/54 hp.
The wight is attracted toward you. x2
Okay, then.
You feel much better. The wight misses you.
The wight is attracted toward you. x2 😮 HP[+22]
You regained 22 hp, and now have 34/54 hp.
The wight is attracted toward you. 😮 HP[+1] MP[+1]
The wight is attracted toward you. The wight is attracted toward you.
The wight is attracted toward you. 😮 HP[+1]
The wight attacks as it pursues you! You block the wight's attack. 😮 HP[+1]
The wight is attracted toward you.
You feel less attractive to monsters. 😮 MP[+1]
There is a stone staircase leading up here. 😮 HP[+1]
You are starting to lose your buoyancy.
You block the wight's attack.
You fly upwards.
There is a stone staircase leading down, spattered with blood here.
Unknown command.
The wight closely misses you. The wight hits you with a +5 hand axe.
Things that are here:
a +0 ring mail; a +0 flail; 😮 HP[-2]
You take 2 damage, and now have 36/54 hp.
The wight attacks as it pursues you!
The wight hits you with a +0 great sword of electrocution.
You feel drained. 😮 HP[-7]
You now have 53 max hp (-1).
You take 7 damage, and now have 29/53 hp.
Unknown command.
Casting: Confusing Touch (dangerous; 6% risk of failure)
Confirm with . or Enter, or press ? or * to list all spells.
Your hands begin to glow red.
The wight hits you with a +0 great sword of electrocution!
* * * LOW HITPOINT WARNING * * *
You are electrocuted!
* * * LOW HITPOINT WARNING * * *
The wight hits you but does no damage. 😱 HP[-22] MP[-2]
You take 22 damage, and now have 7/53 hp.
MASSIVE DAMAGE!! (PAUSE)
You lost 2 mp, and now have 4/13 mp.
Okay, then.
Unknown command.
You hit the wight but do no damage.
The wight hits you with a +0 great sword of electrocution!
You die...

Skill      XL: |  1  2  3  4  5  6  7 |
---------------+----------------------+-----
Short Blades   | 1 2 3 4 |  4.5
Stealth        | 3 4 5 |  5.8
Fighting       | 1 2 3 |  3.4
Spellcasting   | 3 |  3.9
Hexes          | 4 |  4.7
Dodging        | |  1.7

Action                     |  1- 3 |  4- 6 |  7- 9 || total
---------------------------+-------+-------+-------++-------
  Melee: Dagger            |   127 |   153 |    78 ||   358
         Punch             |     4 |       |     1 ||     5
   Cast: Ensorcelled Hiber |    13 |    19 |    27 ||    59
         Confusing Touch   |       |     2 |     4 ||     6
    Use: Scroll            |     4 |     4 |     3 ||    11
         Potion            |       |     1 |    11 ||    12
   Stab: Sleeping          |    12 |    18 |    10 ||    40
         Invisible         |       |     2 |     1 ||     3
         Confused          |       |     2 |     2 ||     4
 Armour: Robe              |    66 |   110 |    30 ||   206
         Steam dragon scal |       |       |    73 ||    73
  Dodge: Dodged            |    90 |    89 |    94 ||   273
  Block: Other             |     7 |    19 |    43 ||    69

Levels and vault maps discovered:
D:1:      heliophobic_arrival_dark_side_of_the_moon, layout_basic,
          minmay_misc_feat_cross
D:2:      layout_basic, shapermc_ecumenical_altar_mp_vishouse,
          nicolae_concentric_dashed_squares_mild, uniq_natasha, uniq_terence
D:3:      layout_rooms, uniq_grinder
D:4:      layout_basic, mainiacjoe_overflow_concentric_impassable,
          mainiacjoe_overflow_24_doors, st_stairs_14
D:5:      cheibrodos_barr_body, layout_basic, nicolae_uskayaw_suspiria
D:6:      layout_cave_pods, minmay_temple_entry_crystal_x, uniq_sigmund,
          uniq_jeremiah, uniq_crazy_yiuf_cottage, uniq_prince_ribbit1

Notes
Turn   | Place    | Note
-------+----------+-------------------------------------------
     0 | D:1      | kae the Demonspawn Enchanter began the quest for the Orb.
     0 | D:1      | Reached XP level 1. HP: 13/13 MP: 3/3
     0 | D:1      | magus.rc [v1.11.3]
   143 | D:1      | Reached skill level 1 in Short Blades
   177 | D:1      | Gained mutation: You have a pair of small antennae on your
                  | head. [demonic ancestry]
   177 | D:1      | Reached XP level 2. HP: 8/20 MP: 5/5
   268 | D:1      | Learned a level 2 spell: Ensorcelled Hibernation
   859 | D:2      | Reached skill level 3 in Stealth
   958 | D:2      | Gained mutation: You are partially covered in large bone
                  | plates. (SH +4) [demonic ancestry]
   958 | D:2      | Reached XP level 3. HP: 18/25 MP: 3/6
  1051 | D:2      | Noticed Terence
  1260 | D:2      | Reached skill level 1 in Fighting
  1467 | D:2      | Found a faded altar of an unknown god.
  1488 | D:2      | Learned a level 3 spell: Confusing Touch
  1490 | D:2      | Noticed Natasha
  1657 | D:3      | Reached XP level 4. HP: 20/32 MP: 4/7
  1753 | D:3      | Reached skill level 2 in Short Blades
  1818 | D:3      | You pick up a book of Flames and begin reading...
  1818 | D:3      | You add the spells Inner Flame, Sticky Flame and Flame Wave
                  | to your library.
  1835 | D:3      | Identified the +5 spear "Koadenof" {freeze, rPois}
  1845 | D:3      | You pick up a book of Storms and begin reading...
  1845 | D:3      | You add the spells Static Discharge, Airstrike and Summon
                  | Lightning Spire to your library.
  1899 | D:3      | You pick up a book of Minor Magic and begin reading...
  1899 | D:3      | You add the spells Magic Dart, Call Imp and Mephitic Cloud
                  | to your library.
  2065 | D:3      | Noticed Grinder
  2628 | D:4      | Found an ornate altar of the Wu Jian Council.
  2766 | D:4      | Gained mutation: You have a pair of antennae on your head.
                  | [demonic ancestry]
  2766 | D:4      | Reached XP level 5. HP: 36/37 MP: 8/8
  3179 | D:4      | You add the spells Passage of Golubria and Yara's Violent
                  | Unravelling to your library.
  3238 | D:4      | Learned a level 3 spell: Tukima's Dance
  3280 | D:5      | Entered Level 5 of the Dungeon
  3455 | D:4      | Reached skill level 4 in Stealth
  3595 | D:5      | Reached skill level 2 in Fighting
  3633 | D:5      | You pick up a book of Touch and begin reading...
  3633 | D:5      | You add the spells Kiss of Death and Dispel Undead to your
                  | library.
  3665 | D:4      | Reached XP level 6. HP: 15/44 MP: 2/10
  3957 | D:5      | Reached skill level 3 in Short Blades
  3957 | D:5      | Reached skill level 3 in Spellcasting
  4077 | D:5      | Reached skill level 4 in Hexes
  4133 | D:5      | Noticed a water moccasin
  4137 | D:5      | Killed a water moccasin
  4138 | D:5      | Gained mutation: You are mostly covered in large bone
                  | plates. (SH +6) [demonic ancestry]
  4138 | D:5      | Reached XP level 7. HP: 38/51 MP: 6/11
  4143 | D:5      | Gained mutation: Your mind is acute. (Int +4, Str/Dex -1)
                  | [potion of mutation]
  4146 | D:5      | Reached skill level 5 in Stealth
  4177 | D:5      | HP: 12/51 [poisoned by an adder]
  4316 | D:6      | Upgraded the game from 0.31-a0-1161-g593ecc88b7 to
                  | 0.31-a0-1178-gc5c9b8f871
  4316 | D:6      | magus.rc [v1.11.3]
  4320 | D:6      | Learned a level 3 spell: Dazzling Flash
  4335 | D:6      | Noticed a steam dragon
  4344 | D:6      | HP: 12/51 [steam dragon/ball of steam (14)]
  4346 | D:6      | Killed a steam dragon
  4347 | D:6      | Reached skill level 3 in Fighting
  4358 | D:6      | Reached skill level 4 in Short Blades
  4955 | D:5      | Gained mutation: You have a pair of large antennae on your
                  | head. (SInv) [demonic ancestry]
  4955 | D:5      | Reached XP level 8. HP: 55/58 MP: 6/13
  4972 | D:5      | HP: 13/53 [wight/+0 flail (2)]
  4973 | D:5      | HP: 6/53 [gnoll bouda/+0 club (7)]
  4987 | D:5      | HP: 13/55 [wight/+0 flail (6)]
  5006 | D:4      | HP: 6/53 [wight/+0 great sword of electrocution (9)]
  5008 | D:4      | Slain by a wight

Vanquished Creatures
  A steam dragon (D:6)
  An acid dragon (D:5)
  A water moccasin (D:5)
  An ogre (D:5)
  A phantom (D:5)
  A bullfrog (D:4)
  A wight (D:5)
  2 jellies (D:5)
  An orc priest (D:5)
  A gnoll bouda (D:5)
  A hound (D:5)
  3 iguanas
  5 orc wizards
  4 gnolls (D:5)
  8 adders
  A white imp (D:5)
  An ufetubus (D:5)
  4 worms
  A dart slug (D:4)
  11 orcs
  4 endoplasms
  5 giant cockroaches
  2 goblins
  5 hobgoblins
  9 jackals
  5 kobolds
  2 quokkas
  3 ball pythons
  9 bats
  3 frilled lizards (D:2)
  3 rats
100 creatures vanquished.

Table legend:
 A = Non-vault XP
 B = Vault XP
 C = Vault XP percentage of total XP
 D = Non-vault monster count
 E = Vault monster count
 F = Vault count percentage of total count
                 A         B        C        D         E       F
            +---------+---------+-------+---------+---------+-------
      Total |    1138 |     547 |  32.5 |      88 |      12 |  12.0
            +---------+---------+-------+---------+---------+-------
        D:1 |      20 |       0 |   0.0 |      13 |       0 |   0.0
        D:2 |      71 |       0 |   0.0 |      22 |       0 |   0.0
        D:3 |      64 |       0 |   0.0 |      14 |       0 |   0.0
        D:4 |     253 |       4 |   1.6 |      20 |       2 |   9.1
        D:5 |     532 |     529 |  49.9 |      17 |       9 |  34.6
        D:6 |     198 |      14 |   6.6 |       2 |       1 |  33.3
            +---------+---------+-------+---------+---------+-------

Skill      XL: |  1  2  3  4  5  6  7 |
---------------+----------------------+-----
Short Blades   | 1 2 3 4 |  4.5
Stealth        | 3 4 5 |  5.8
Fighting       | 1 2 3 |  3.4
Spellcasting   | 3 |  3.9
Hexes          | 4 |  4.7
Dodging        | |  1.7

Action                     |  1- 3 |  4- 6 |  7- 9 || total
---------------------------+-------+-------+-------++-------
  Melee: Dagger            |   127 |   153 |    78 ||   358
         Punch             |     4 |       |     1 ||     5
   Cast: Ensorcelled Hiber |    13 |    19 |    27 ||    59
         Confusing Touch   |       |     2 |     4 ||     6
    Use: Scroll            |     4 |     4 |     3 ||    11
         Potion            |       |     1 |    11 ||    12
   Stab: Sleeping          |    12 |    18 |    10 ||    40
         Invisible         |       |     2 |     1 ||     3
         Confused          |       |     2 |     2 ||     4
 Armour: Robe              |    66 |   110 |    30 ||   206
         Steam dragon scal |       |       |    73 ||    73
  Dodge: Dodged            |    90 |    89 |    94 ||   273
  Block: Other             |     7 |    19 |    43 ||    69

Illustrated notes

Table legend:
 A = Kills in this place as a percentage of kills in the entire game.
 B = Kills by you in this place as a percentage of kills by you in the entire game.
 C = Kills by friends in this place as a percentage of kills by friends in the entire game.
 D = Other kills in this place as a percentage of other kills in the entire game.
 E = Experience gained in this place as a percentage of experience gained in the entire game.
 F = Experience gained in this place divided by the number of levels of this place that you have seen.
                   A       B       C       D       E      F
               +-------+-------+-------+-------+-------+----------------------
         Total | 100.0 | 100.0 |   N/A |   N/A | 100.0 | 280.8
       Dungeon | 100.0 | 100.0 |   N/A |   N/A | 100.0 | 280.8
               +-------+-------+-------+-------+-------+----------------------

Table legend: (Time is in decaauts)
 A = Elapsed time spent in this place.
 B = Non-inter-level travel time spent in this place.
 C = Inter-level travel time spent in this place.
 D = Time resting spent in this place.
 E = Time spent auto-exploring this place.
 F = Levels seen in this place.
 G = Mean time per level.
                   A        B        C        D        E       F      G
               +--------+--------+--------+--------+--------+-----+--------+
         Total |   4972 |   4850 |    122 |    807 |   2998 |   6 |  828.7 |
       Dungeon |   4972 |   4850 |    122 |    807 |   2998 |   6 |  828.7 |
               +--------+--------+--------+--------+--------+-----+--------+

Top non-repeatable levels by time:
     D:4: 1527 daAuts
     D:5: 949 daAuts
     D:2: 823 daAuts
     D:1: 775 daAuts
     D:3: 570 daAuts
     D:6: 326 daAuts
